 Dungeon Crawl Stone Soup version 0.30-a0-154-gb106f4c828 (webtiles) character file.

Game seed: 10411852740844971787

127 Wartorn the Chopper (level 4, -2/40 (41) HPs)
             Began as a Minotaur Berserker on Sept 27, 2022.
             Was a Believer of Trog.
             Slain by Crazy Yiuf
             ... wielding a +4 quarterstaff of chaos
              (9 damage)
             ... on level 3 of the Dungeon.
             The game lasted 00:03:55 (2972 turns).

Wartorn the Chopper (Minotaur Berserker)            Turns: 2972, Time: 00:03:55

HP:   -2/40 (41)    AC:  9    Str: 23    XL:     4   Next: 85%
MP:   3/3           EV:  9    Int:  4    God:    Trog [**....]
Gold: 132           SH:  0    Dex: 10    Spells: 3/3 levels left

rFire   . . .      SeeInvis .    a - +0 hand axe
rCold   . . .      Faith    .    (no shield)
rNeg    . . .      Spirit   .    j - +0 chain mail
rPois   .          Reflect  .    (helmet restricted)
rElec   .          Harm     .    (no cloak)
rCorr   .          Rampage  .    (no gloves)
Will    .....                    (no boots)
Stlth   ..........               (no amulet)
HPRegen 0.13/turn                (no ring)
MPRegen 0.08/turn                (no ring)

@: lethally poisoned (-2 -> -17), lightly drained
A: horns 2, retaliatory headbutt
a: Renounce Religion, Berserk, Trog's Hand


You were on level 3 of the Dungeon.
You worshipped Trog.
Trog was pleased with you.
You visited 1 branch of the dungeon, and saw 3 of its levels.

You collected 132 gold pieces.

Inventory:

Hand Weapons
 a - a +0 hand axe (weapon)
Missiles
 f - 13 stones (quivered)
Armour
 j - a +0 chain mail (worn)
Scrolls
 b - a scroll of amnesia {unknown}
 d - 3 scrolls of teleportation {unknown}
 e - a scroll of brand weapon {unknown}
 g - 3 scrolls of identify {unknown}
 i - a scroll of fear {unknown}
 k - a scroll of magic mapping {unknown}
 o - a scroll of vulnerability {unknown}
 p - a scroll of poison {unknown}
 r - 2 scrolls of enchant weapon {unknown}
Potions
 c - a potion of attraction {unknown}
 h - a potion of invisibility {unknown}
 l - a potion of berserk rage {unknown}
 m - 2 potions of might {unknown}
 n - 2 potions of curing {unknown}
 q - a potion of heal wounds {unknown}
 s - 2 potions of cancellation {unknown}
 t - a potion of degeneration {unknown}
 u - a potion of lignification {unknown}
 v - a potion of flight {unknown}


   Skills:
 + Level 4.6 Fighting
 + Level 4.6 Axes
 + Level 3.6 Armour
 + Level 3.3 Dodging


You had 3 spell levels left.
You didn't know any spells.
Your spell library was empty.

Dungeon Overview and Level Annotations

Branches:
Dungeon (3/15)

Altars:
Trog

Shops:
D:2 :   D:3 :

Annotations:
D:3 Crazy Yiuf


Innate Abilities, Weirdness & Mutations

You have a pair of horns on your head.
You reflexively headbutt those who attack you in melee.


Message History

Moving in this stuff is going to be slow.
You open the door.
There is an open door here.
Found a stone staircase leading down.
There is a stone staircase leading down here.
v - a bubbling inky potion
There is a stone staircase leading down here.
There is an open door here.
There is an entrance to Emput's Book Emporium here.
There is an open door here.
You see here 3 javelins.
There is an open door here.
There is an open door here.
Crazy Yiuf shouts!
Crazy Yiuf screams, "Rot illywillydillykilly broken!"
You open the door. You hit Crazy Yiuf.
Crazy Yiuf is lightly wounded.
Crazy Yiuf hits you with a +4 quarterstaff of chaos.
You feel drained.
You barely miss Crazy Yiuf.
Crazy Yiuf is lightly wounded.
Crazy Yiuf hits you with a +4 quarterstaff of chaos!
You are poisoned.
You closely miss Crazy Yiuf.
Crazy Yiuf is lightly wounded.
You feel very sick.
Crazy Yiuf hits you with a +4 quarterstaff of chaos!
You are lethally poisoned!
You completely miss Crazy Yiuf.
Crazy Yiuf is lightly wounded.
* * * LOW HITPOINT WARNING * * *
You feel very sick. Crazy Yiuf barely misses you.
You hit Crazy Yiuf but do no damage. You headbutt Crazy Yiuf.
Crazy Yiuf is moderately wounded.
* * * LOW HITPOINT WARNING * * *
You feel very sick.
Crazy Yiuf hits you with a +4 quarterstaff of chaos!
You die...

#....#######
##..##
♣PP..♣
♣...♣♣ ♣♣.♣♣
##########
♣.♣♣
#...>.....
♣♣.♣
###.######..
♣.♣♣ #.#.#
#.# ♣♣@♣
#...# #.#
#g# #.#.#
#.# #####
... #...#
#.. #...#
#...# #####
### #.###
#..)# #[#
##### ###
#.# #.##
###.#####
#####..##
###
#...##..##
##.......##
##.#


You could see Crazy Yiuf.

Vanquished Creatures
  An orc wizard (D:3)
  An adder (D:2)
  3 worms
  A dart slug (D:1)
  An orc (D:3)
  3 endoplasms
  2 giant cockroaches
  9 goblins
  4 hobgoblins
  5 kobolds
  A quokka (D:1)
  8 ball pythons
  9 bats
  2 frilled lizards
  A rat (D:1)
51 creatures vanquished.

Vanquished Creatures (collateral kills)
  An orc priest (D:3)
  A ball python (D:3)
2 creatures vanquished.

Vanquished Creatures (others)
  7 plants (D:2)
7 creatures vanquished.

Grand Total: 60 creatures vanquished

Notes
Turn   | Place    | Note
-------+----------+-------------------------------------------
     0 | D:1      | Wartorn the Minotaur Berserker began the quest for the Orb.
     0 | D:1      | Reached XP level 1. HP: 19/19 MP: 0/0
   155 | D:1      | Reached XP level 2. HP: 20/27 MP: 1/1
   248 | D:1      | Found a faded altar of an unknown god.
   770 | D:1      | Reached ** piety under Trog
   833 | D:2      | Reached XP level 3. HP: 33/33 MP: 2/2
   946 | D:2      | Found Tucrak's Book Shoppe.
  1578 | D:3      | Reached XP level 4. HP: 5/41 MP: 3/3
  2109 | D:3      | Found a bloodstained altar of Trog.
  2298 | D:3      | Found a runed translucent door.
  2299 | D:3      | Noticed Crazy Yiuf
  2589 | D:3      | Found Emput's Book Emporium.
  2759 | D:3      | Identified the +0 ring mail of Ennui {rElec rCorr Str-2
                  | Dex-5}
  2972 | D:3      | Slain by Crazy Yiuf

Illustrated notes

Levels and vault maps discovered:
D:1:      saegor_arrival_simple_d, layout_rooms,
          nicolae_ecumenical_snake_handling
D:2:      layout_rooms, serial_bayou, serial_bayou_shore_a, serial_bayou_pond_e,
          serial_bayou_pond_d, serial_bayou_lagoon_a, serial_bayou_shore_b,
          serial_shops, shop, kennysheep_generic_room_8
D:3:      layout_loops_corners, mainiacjoe_overflow_boulevard, serial_shops,
          nicolae_shop_behind_doors, serial_bayou_pond_d,
          uniq_crazy_yiuf_cottage

Skill      XL: |  1  2  3 |
---------------+----------+-----
Axes           | 4 |  4.6
Fighting       | 4 |  4.6
Armour         | 3 |  3.6
Dodging        | 3 |  3.3

Action                   |  1- 3 |  4- 6 || total
-------------------------+-------+-------++-------
Melee: Hand axe          |    73 |    35 ||   108
       Headbutt          |     8 |     9 ||    17
 Stab: Sleeping          |     1 |       ||     1
Armor: Animal skin       |    14 |       ||    14
       Chain mail        |    18 |     8 ||    26
Dodge: Dodged            |    48 |    12 ||    60

Table legend: (Time is in decaauts)
 A = Elapsed time spent in this place.
 B = Non-inter-level travel time spent in this place.
 C = Inter-level travel time spent in this place.
 D = Time resting spent in this place.
 E = Time spent auto-exploring this place.
 F = Levels seen in this place.
 G = Mean time per level.
                   A        B        C        D        E       F      G
               +--------+--------+--------+--------+--------+-----+--------+
         Total |   3010 |   2935 |     75 |    690 |   1899 |   3 | 1003.3 |
       Dungeon |   3010 |   2935 |     75 |    690 |   1899 |   3 | 1003.3 |
               +--------+--------+--------+--------+--------+-----+--------+

Top non-repeatable levels by time:
     D:3: 1436 daAuts
     D:1: 829 daAuts
     D:2: 745 daAuts
